 Dungeon Crawl Stone Soup version 0.19.4-8-ga85b6b9 (webtiles) character file.

30 Mefis the Magician (level 3, 19/19 HPs)
             Began as a Deep Elf Wizard on Feb 7, 2017.
             Quit the game on level 2 of the Dungeon.
             The game lasted 00:01:25 (1138 turns).

Mefis the Magician (Deep Elf Wizard)                Turns: 1138, Time: 00:01:26

Health: 19/19      AC:  2    Str:  5    XL:     3   Next: 5%
Magic:  0/11       EV: 13    Int: 22    God:
Gold:   64         SH:  0    Dex: 13    Spells: 4 memorised, 5 levels left

rFire  . . .     SeeInvis .     g - +0 dagger
rCold  . . .     Gourm    .     a - +0 robe
rNeg   . . .     Faith    .     (no shield)
rPois  .         Spirit   .     b - +0 hat
rElec  .         Reflect  .     (no cloak)
rCorr  .         Harm     .     (no gloves)
MR     .....                    (no boots)
Stlth  ++........               (no amulet)
                                (no ring)
                                (no ring)

@: very slightly contaminated, repel missiles
A: no striking features
a: no special abilities


You were on level 2 of the Dungeon.
You were hungry.

You visited 1 branch of the dungeon, and saw 2 of its levels.

You collected 64 gold pieces.

Inventory:

Hand Weapons
 g - a +0 dagger (weapon)
Missiles
 f - 27 sling bullets
Armour
 a - a +0 robe (worn)
 b - a +0 hat (worn)
Scrolls
 e - a scroll of fog {unknown}
 h - a scroll of recharging {unknown}
 j - a scroll of fear {unknown}
 k - 3 scrolls of identify {unknown}
 o - 2 scrolls of enchant weapon {unknown}
 p - a scroll of remove curse {unknown}
Potions
 i - a potion of brilliance {unknown}
 m - a potion of magic {unknown}
Books
 c - a book of Minor Magic

   Spells                             Type                      Level
   a - Magic Dart                     Conjuration                  1
   b - Blink                          Translocation                2
   c - Call Imp                       Summoning                    2
   d - Repel Missiles                 Charms/Air                   2
   e - Slow                           Hexes                        2
   f - Conjure Flame                  Conjuration/Fire             3
   g - Mephitic Cloud                 Conjuration/Poison/Air       3
Comestibles
 d - a bread ration
 l - 2 slices of pizza
 n - a meat ration


   Skills:
 + Level 2.8 Dodging
 + Level 2.9 Stealth
 * Level 5.1 Spellcasting
 + Level 1.7 Conjurations
 - Level 1.1 Summonings
 - Level 1.1 Translocations
 + Level 0.0 Air Magic


You had 5 spell levels left.
You knew the following spells:

 Your Spells              Type           Power        Failure   Level  Hunger
a - Magic Dart            Conj           ##..         8%          1    None
b - Call Imp              Summ           ##......     12%         2    None
c - Blink                 Tloc           N/A          12%         2    None
d - Repel Missiles        Chrm/Air       #.....       17%         2    None


Dungeon Overview and Level Annotations

Branches:
Dungeon (2/15)

Altars:


Message History

Press: ? - help, Shift-Dir - straight line, f/p - ooze
Aim: an ooze (severely wounded)
The magic dart hits the ooze.
The ooze is severely wounded.
The ball python hisses angrily.
You are feeling hungry.
The ooze hits you but does no damage.
Casting: Magic Dart
Confirm with . or Enter, or press ? or * to list all spells.
A beastly little devil appears in a puff of flame.
You swap places.
The ooze misses your crimson imp.
Your crimson imp hits the ooze.
The ooze completely misses your crimson imp.
Your crimson imp hits the ooze.
The ooze dies!
You have reached level 3!
Your experience leads to an increase in your attributes!
Increase (S)trength, (I)ntelligence, or (D)exterity?
You feel stronger.
Are you sure you want to abandon this character and quit the game? (Confirm with "yes".)

#.#####..# ... #.#
#..##.# ..# #.....#
.[.#.# #...###
..#.#####...#
#..#.........###
...####.#.#....#
#.# #.#.##.### #.#
#.#@##.# ..#####.#
#.#.##.#
.)......####.#5##.#
).####.....#.#.##.#
#.....#>#r##.#
#....S...S##.#
#.......####.#
####.#### #.# #)#
#.#


You could see a ball python, a rat and a friendly crimson imp.

Vanquished Creatures
  An ooze (D:1)
  A leopard gecko (D:1)
  4 bats (D:1)
  A giant cockroach (D:1)
  3 goblins (D:1)
  4 hobgoblins
  A frilled lizard (D:2)
  4 kobolds
  3 rats (D:1)
22 creatures vanquished.

Vanquished Creatures (collateral kills)
  An ooze (D:2)
1 creature vanquished.

Grand Total: 23 creatures vanquished

Notes
Turn   | Place    | Note
-------+----------+-------------------------------------------
     0 | D:1      | Mefis the Deep Elf Wizard began the quest for the Orb.
     0 | D:1      | Reached XP level 1. HP: 10/10 MP: 7/7
   222 | D:1      | Reached XP level 2. HP: 15/15 MP: 2/9
   226 | D:1      | Learned a level 2 spell: Call Imp
   229 | D:1      | Learned a level 2 spell: Blink
   232 | D:1      | Learned a level 2 spell: Repel Missiles
   657 | D:1      | Reached skill level 5 in Spellcasting
  1137 | D:2      | Reached XP level 3. HP: 19/19 MP: 0/11
  1138 | D:2      | Quit the game

Skill      XL: |  1  2 |
---------------+-------+-----
Spellcasting   | 5 |  5.1
Dodging        | |  2.8
Stealth        | |  2.9
Conjurations   | |  1.7
Summonings     | |  1.1
Translocations | |  1.1

Action                   || total
-------------------------++-------
 Cast: Magic Dart        ||    48
       Call Imp          ||     1
       Repel Missiles    ||     1
Armor: Robe              ||     2
Dodge: Dodged            ||    10
